 Dungeon Crawl Stone Soup version 0.27.0-1-g7a089689b8 (webtiles) character file.

Game seed: 5158604799932489944

1326 bande the Covered (level 8, -21/51 HPs)
             Began as a Gargoyle Fighter on Aug 1, 2021.
             Was a Follower of Okawaru.
             Blown up by Blork the orc (32 damage)
             ... with a mindburst bolt
             ... on level 6 of the Dungeon.
             The game lasted 00:12:34 (5751 turns).

bande the Covered (Gargoyle Fighter)                Turns: 5751, Time: 00:12:35

Health: -21/51     AC: 18    Str: 22 (24) XL:     8   Next: 60%
Magic:  10/10      EV:  4    Int:  7 (8)  God:    Okawaru [*.....]
Gold:   199        SH: 10    Dex: 11 (12) Spells: 7/7 levels left

rFire    . . .     SeeInvis .   i - +2 hand axe (flame)
rCold    . . .     Faith    .   c - +0 kite shield
rNeg     + . .     Spirit   .   g - +0 plate armour
rPois    ∞         Reflect  .   (no helmet)
rElec    +         Harm     .   (no cloak)
rCorr    .         Rampage  .   (no gloves)
Will     .....                  (no boots)
Stlth    ..........             (no amulet)
HPRegen  0.17/turn              (no ring)
MPRegen  0.12/turn              (no ring)

@: no status effects
A: sickness immunity, AC +5, negative energy resistance 1, electricity
resistance, torment resistance 1, petrification resistance, agile 1, strong 1,
subdued magic 1
a: Renounce Religion, Heroism


You were on level 6 of the Dungeon.
You worshipped Okawaru.
Okawaru was aware of your devotion.
You visited 1 branch of the dungeon, and saw 6 of its levels.

You collected 199 gold pieces.

Inventory:

Hand Weapons
 a - a +1 war axe
 i - a +2 hand axe of flaming (weapon)
 l - a +0 flail
Armour
 c - a +0 kite shield (worn)
 g - a +0 plate armour (worn)
Potions
 b - 3 potions of curing
 d - a potion of might
 e - 2 potions of lignification
 f - 2 potions of flight
 j - a potion of brilliance
 m - a potion of degeneration


   Skills:
 + Level 5.6 Fighting
 + Level 5.7 Axes
 + Level 6.0 Armour
 + Level 0.2 Dodging
 - Level 0.3 Stealth
 + Level 5.6 Shields
 * Level 3.1 Invocations


You had 7 spell levels left.
You didn't know any spells.
Your spell library contained the following spells:

 Spells                   Type           Power      Damage    Failure   Level
 Sting                    Tmut/Pois      0%         1d3       100%        1
 Poisonous Vapours        Pois/Air       0%         N/A       100%        2
 Olgreb's Toxic Radiance  Pois           0%         N/A       100%        4


Dungeon Overview and Level Annotations

Branches:
Dungeon (6/15)
 Temple: D:4-7

Altars:
Ashenzari
Okawaru
Trog

Annotations:
D:6 Blork the orc


Innate Abilities, Weirdness & Mutations

You are immune to sickness and miasma.
Your stone body is resilient. (AC +5)
You are immune to poison.
You resist negative energy. (rN+)
You are resistant to electric shocks. (rElec)
You are resistant to unholy torment.
You are immune to petrification.
You are agile. (Dex +2)
Your muscles are strong. (Str +2)
Your spells are a little easier to cast, but a little less powerful.


Message History

It was a potion of brilliance.
You feel clever all of a sudden.
It was a potion of heal wounds.
You feel much better.
It was a potion of degeneration.
There was something very wrong with that liquid.
You feel weakened.
You feel dopey.
You feel clumsy.
It was a potion of mutation.
You feel extremely strange.
Your connection to magic feels subdued.
You feel agile.
You feel stronger.
You start waiting.
Your transformation is almost over.
You start waiting.
You feel less wooden.
Your +0 plate armour unmelds from your body.
You start waiting.
You feel a little less clever now.
Blork the orc comes into view.
He is wielding a +0 hand axe.
Blork the orc picks up an iron wand.
Blork the orc is nearby!
A wraith comes into view.
Blork the orc zaps a wand.
You struggle to resist.
You completely miss Blork the orc.
Blork the orc drinks a potion.
Blork the orc seems to grow stronger.
You slash Blork the orc! You burn Blork the orc.
Blork the orc is moderately wounded.
Blork the orc zaps a wand.
Your mind is blasted!
You closely miss Blork the orc.
Blork the orc is moderately wounded.
Blork the orc screams, "I'll decorate my home with your organs!"
Blork the orc hits you but does no damage.
You closely miss Blork the orc.
Blork the orc is moderately wounded.
You block Blork the orc's attack.
You slash Blork the orc! You burn Blork the orc.
Blork the orc is heavily wounded.
You hit the wraith but do no damage.
Blork the orc zaps a wand.
Your mind is blasted!
* * * LOW HITPOINT WARNING * * *
You block the wraith's attack.
Blork the orc zaps a wand.
Your mind is blasted!
Ouch! That really hurt!
You die...

.... ##........ ....#
#.####### ......##.###
...........##
...........## #
............## .#
.............####.#####
.............##o.......
#..........#..#@W......
##...##...###..........
#####..### ###........
#.. #........ ....
#........ ## #........
.######## .


You could see a wraith and Blork the orc (strong).

Vanquished Creatures
  Menkaure (D:6)
  Duvessa (D:5)
  An ice beast (D:5)
  4 scorpions
  Dowan (D:5)
  3 hounds
  2 jellies
  2 centaur skeletons
  An iguana (D:5)
  A bullfrog skeleton (D:5)
  Natasha (thrice) (D:4)
  4 orc wizards
  3 hound skeletons
  5 adders
  7 gnolls
  An ufetubus (D:4)
  An adder skeleton (D:4)
  6 worms
  3 dart slugs
  16 orcs
  7 ball pythons
  5 bats
  4 endoplasms
  2 giant cockroaches
  4 goblins
  11 hobgoblins
  10 jackals
  6 kobolds
  3 quokkas
  5 frilled lizards
  9 rats
132 creatures vanquished.

Notes
Turn   | Place    | Note
-------+----------+-------------------------------------------
     0 | D:1      | bande the Gargoyle Fighter began the quest for the Orb.
     0 | D:1      | Reached XP level 1. HP: 14/14 MP: 1/1
   164 | D:1      | Reached XP level 2. HP: 9/19 MP: 2/2
   562 | D:1      | Reached XP level 3. HP: 21/24 MP: 3/3
  1615 | D:1      | Reached XP level 4. HP: 13/29 MP: 4/4
  2415 | D:3      | Reached skill level 4 in Armour
  2511 | D:3      | Reached XP level 5. HP: 28/34 MP: 5/5
  2768 | D:3      | Noticed a moth of wrath
  2771 | D:3      | Found a bloodstained altar of Trog.
  2997 | D:3      | Found a broken altar of Ashenzari.
  3244 | D:4      | Reached XP level 6. HP: 37/39 MP: 6/6
  3300 | D:4      | Found an iron altar of Okawaru.
  3309 | D:4      | Became a worshipper of Warmaster Okawaru
  3973 | D:4      | Noticed Natasha
  3977 | D:4      | Killed Natasha
  4028 | D:4      | Noticed Natasha
  4036 | D:4      | Killed Natasha
  4217 | D:4      | Noticed Natasha
  4226 | D:4      | Killed Natasha
  4241 | D:5      | Entered Level 5 of the Dungeon
  4414 | D:4      | Reached skill level 5 in Armour
  4414 | D:4      | Reached XP level 7. HP: 40/44 MP: 7/7
  4487 | D:4      | Reached skill level 5 in Fighting
  4721 | D:5      | Reached skill level 1 in Invocations
  4860 | D:5      | Reached skill level 5 in Axes
  4908 | D:5      | Noticed Dowan
  4909 | D:5      | Noticed Duvessa
  5093 | D:4      | Reached skill level 5 in Shields
  5093 | D:4      | Reached XP level 8. HP: 38/49 MP: 9/9
  5247 | D:5      | Killed Duvessa
  5247 | D:5      | Reached * piety under Okawaru
  5251 | D:5      | Killed Dowan
  5652 | D:6      | Noticed Menkaure
  5658 | D:6      | Killed Menkaure
  5661 | D:6      | Reached skill level 6 in Armour
  5666 | D:6      | Gained mutation: Your spells are a little easier to cast,
                  | but a little less powerful. [potion of mutation]
  5666 | D:6      | Gained mutation: You are agile. (Dex +2) [potion of
                  | mutation]
  5666 | D:6      | Gained mutation: Your muscles are strong. (Str +2) [potion
                  | of mutation]
  5745 | D:6      | Noticed Blork the orc
  5746 | D:6      | Noticed a wraith
  5751 | D:6      | Blown up by Blork the orc

Illustrated notes

Levels and vault maps discovered:
D:1:      ebering_trefoil_3fold, layout_basic, amcnicky_mini_pool_small
D:2:      layout_rooms
D:3:      layout_basic, general_overflow_altar, tgw_trog, lightli_corner_chamber
D:4:      layout_loops_cross, mainiacjoe_overflow_surrounded_room, uniq_natasha
D:5:      layout_rooms, uniq_duvessa
D:6:      layout_rooms, nicolae_overflow_crystal_walls, uniq_blork_the_orc,
          uniq_menkaure

Skill      XL: |  1  2  3  4  5  6  7  8 |
---------------+-------------------------+-----
Axes           | 2 3 4 5 |  5.7
Fighting       | 4 5 |  5.6
Shields        | 4 5 |  5.6
Armour         | 4 5 6 |  6.0
Invocations    | 1 3 |  3.1
Dodging        | |  0.2
Stealth        | |  0.3

Action                   |  1- 3 |  4- 6 |  7- 9 || total
-------------------------+-------+-------+-------++-------
Melee: War axe           |    73 |   123 |       ||   196
       Hand axe          |       |   128 |   166 ||   294
  Use: Scroll            |     2 |     5 |     1 ||     8
       Potion            |       |       |     6 ||     6
 Stab: Distracted        |       |     1 |       ||     1
Armor: Scale mail        |    20 |       |       ||    20
       Plate armour      |    28 |   234 |   137 ||   399
Dodge: Dodged            |    15 |    59 |    35 ||   109
Block: Kite shield       |    46 |   122 |    76 ||   244
